[Event "Titled Tuesday Blitz February 21 Late 2023"]
[White "Hnydiuk, Aleksander"]
[Black "Yanchenko, Roman"]
[WhiteFideId "1109057"]
[BlackFideId "4137329"]
[WhiteElo "2363"]
[BlackElo "2466"]
[Result "1-0"]
[Round "02"]
[TimeControl "180+2"]
[Date "2023.02.21"]
[WhiteClock "0:00:04"]
[BlackClock "0:00:10"]

1. d4 d5 2. Nf3 Bf5 3. Nh4 Bd7 4. Nf3 Nf6 5. c4 c6 6. Qb3 Qb6 7. Nc3 dxc4 8. Qxc4 Bf5 9. Ne5 e6 10. f3 h6 11. e4 Bh7 12. Be3 Bd6 13. Qe2 Qc7 14. Nc4 Bf4 15. e5 Bxe3 16. Nd6+ Qxd6 17. exd6 Bxd4 18. O-O-O Bxc3 19. bxc3 Nbd7 20. Qf2 O-O 21. Bd3 Bxd3 22. Rxd3 b5 23. g4 Nd5 24. h4 Ne5 25. Rd4 Nc4 26. Rxc4 bxc4 27. Kc2 Rfb8 28. Rb1 Rb6 29. Qc5 g6 30. Rxb6 axb6 31. Qxc6 Rxa2+ 32. Kc1 Nxc3 33. d7 Ne2+ 34. Kd1 Nc3+ 35. Ke1 Re2+ 36. Kf1 Rd2 37. Qc8+ Kg7 38. d8=Q Rxd8 39. Qxd8 Nd5 40. Kf2 c3 41. Qc8 b5 42. Ke2 b4 43. Kd3 b3 44. Qc4 b2 45. Qd4+ Kg8 46. Kc2 Kh7 47. f4 Kg8 48. f5 g5 49. hxg5 hxg5 50. Qe5 Nf4 51. Qxc3 exf5 52. gxf5 Nd5 53. Qc8+ Kg7 54. Kxb2 Kf6 55. Kc1 Ne7 56. Qd8 g4 57. Kd2 Ke5 58. Qxe7+ Kxf5 59. Qxf7+ Ke4 60. Ke2 1-0


[Site "https://www.chess.com"]

[Event "Titled Tuesday Blitz February 21 Late 2023"]
[White "Tatarinov, Dmitry"]
[Black "Martinez Reyes, Pedro Ramon"]
[WhiteFideId "24160067"]
[BlackFideId "3901807"]
[WhiteElo "2310"]
[BlackElo "2376"]
[Result "0-1"]
[Round "02"]
[TimeControl "180+2"]
[Date "2023.02.21"]
[WhiteClock "0:01:46"]
[BlackClock "0:02:21"]

1. d4 Nf6 2. c4 c5 3. d5 e5 4. Nc3 d6 5. e4 Be7 6. Nf3 Nbd7 7. Be2 Nf8 8. O-O Ng6 9. Ne1 a6 10. Nd3 h6 11. a4 Nh7 12. a5 Bd7 13. b4 cxb4 14. Nxb4 Bg5 15. Na4 Bxc1 16. Rxc1 Qxa5 17. c5 Bxa4 18. Qd2 dxc5 19. Rxc5 Qxc5 20. Rc1 Qd4 0-1


[Site "https://www.chess.com"]

[Event "Titled Tuesday Blitz February 21 Late 2023"]
[White "Deng, Henry"]
[Black "Holt, Conrad"]
[WhiteFideId "30965454"]
[BlackFideId "2034387"]
[WhiteElo "2168"]
[BlackElo "2540"]
[Result "1/2-1/2"]
[Round "02"]
[TimeControl "180+2"]
[Date "2023.02.21"]
[WhiteClock "0:01:26"]
[BlackClock "0:00:02"]

1. e4 e6 2. d4 d5 3. Nd2 c5 4. Ngf3 cxd4 5. Nxd4 Nf6 6. exd5 Nxd5 7. Bb5+ Bd7 8. Bxd7+ Qxd7 9. O-O Be7 10. N2f3 O-O 11. c4 Nb6 12. b3 Bf6 13. Bb2 Nc6 14. Qd2 Rad8 15. Rad1 Qc7 16. Qe2 Nxd4 17. Bxd4 Bxd4 18. Nxd4 a6 19. Nf3 h6 20. g3 Nd7 21. Rd2 Nc5 22. Rfd1 Rxd2 23. Qxd2 a5 24. Nd4 Rd8 25. Qe1 Qd6 26. Rd2 h5 27. Nf3 Qe7 28. Rxd8+ Qxd8 29. Qe5 Nd3 30. Qd4 Qxd4 31. Nxd4 Nc1 32. a3 e5 33. Nf3 f6 34. b4 axb4 35. axb4 Nd3 36. b5 Kf7 37. Nd2 Ke6 38. Kf1 Nc1 39. Ke1 g5 40. Kd1 Nd3 41. Ke2 Nc5 42. h4 gxh4 43. gxh4 Kf5 44. Kf3 Ne6 45. Ne4 Nd4+ 46. Ke3 Nc2+ 47. Kf3 Nd4+ 48. Ke3 b6 49. f3 Ke6 50. Kd3 Nf5 51. Ke2 Nxh4 52. Ng3 Ng6 53. Nxh5 f5 54. f4 e4 55. Ke3 Kd6 56. Kd4 Nf8 57. Ng3 Ne6+ 58. Ke3 Ng7 59. Kd4 Ne6+ 60. Ke3 Ng7 61. Kd4 Ne6+ 1/2-1/2


[Site "https://www.chess.com"]

[Event "Titled Tuesday Blitz February 21 Late 2023"]
[White "Quispe Arteaga, Gabriel"]
[Black "Mendez Fortes, Eduardo Jesus"]
[WhiteFideId "32059809"]
[BlackFideId "3502376"]
[WhiteElo "2381"]
[BlackElo "2250"]
[Result "0-1"]
[Round "02"]
[TimeControl "180+2"]
[Date "2023.02.21"]
[WhiteClock "0:00:02"]
[BlackClock "0:00:16"]

1. c4 e6 2. Nc3 d5 3. d4 Nf6 4. cxd5 exd5 5. Bg5 Be7 6. e3 c6 7. Bd3 Nbd7 8. Nge2 Nh5 9. Bxe7 Qxe7 10. g4 Nhf6 11. Ng3 h6 12. Nf5 Qf8 13. Qf3 Nb6 14. O-O-O Be6 15. h4 O-O-O 16. g5 Ne8 17. gxh6 g6 18. Ng3 Rxh6 19. h5 g5 20. Rdg1 Nd6 21. Nf5 Nxf5 22. Bxf5 Qe7 23. Qg4 Rg8 24. Bxe6+ Qxe6 25. Qxe6+ fxe6 26. Rg4 Nc4 27. Nd1 Nd6 28. f4 Ne4 29. Kc2 Kd7 30. Kd3 Ke7 31. Ke2 Kf7 32. fxg5 Rxg5 33. Rxg5 Nxg5 34. Nf2 Ke7 35. Ng4 Rh7 36. h6 Ne4 37. Rh3 Ng5 38. Rh4 Ne4 39. Nf2 Ng3+ 40. Kf3 Nf5 41. Rh5 Rxh6 42. Rxh6 Nxh6 43. Kf4 Nf5 44. Nd3 Nd6 45. Kf3 Nc4 46. b3 Nd6 47. Kf4 Nb5 48. Kf3 Nc3 49. a4 Ne4 50. Ke2 b6 51. Ne5 c5 52. Nc6+ Kd6 53. Nxa7 e5 54. Nb5+ Ke6 55. dxe5 Kxe5 56. Kd3 Nd6 57. Nc7 c4+ 58. bxc4 Nxc4 59. Ke2 Nb2 60. Nb5 Nxa4 61. Nd4 Kd6 62. Kd3 Kc5 63. Ne6+ Kd6 64. Nd4 Nc5+ 65. Kc3 Ke5 66. Kb4 Ke4 67. Nc2 Kd3 68. Nd4 Kxe3 69. Nc6 d4 70. Ne5 d3 71. Kc3 Ke2 72. Nc4 b5 73. Nb2 d2 74. Kc2 Na4 75. Nd1 b4 76. Kb3 Kxd1 0-1


[Site "https://www.chess.com"]

[Event "Titled Tuesday Blitz February 21 Late 2023"]
[White "Florescu, Codrut-Constantin"]
[Black "Christiansen, Johan-Sebastian"]
[WhiteFideId "1202200"]
[BlackFideId "1512668"]
[WhiteElo "2259"]
[BlackElo "2579"]
[Result "0-1"]
[Round "02"]
[TimeControl "180+2"]
[Date "2023.02.21"]
[WhiteClock "0:00:49"]
[BlackClock "0:00:19"]

1. e4 e5 2. Nf3 Nc6 3. Bc4 Nf6 4. d3 Be7 5. O-O O-O 6. Re1 d6 7. c3 Kh8 8. Nbd2 Ng8 9. d4 f5 10. dxe5 fxe4 11. Nxe4 Rxf3 12. Qxf3 d5 13. Ng5 Bxg5 14. Bxd5 Bxc1 15. Raxc1 Nge7 16. Bxc6 Nxc6 17. e6 Qe7 18. Qf7 g6 19. Qxe7 Nxe7 20. Rcd1 Kg7 21. Rd8 b6 22. f4 Bb7 23. Rd7 Kf6 24. Rxc7 Bd5 25. g4 Re8 26. Kf2 Bxe6 27. Kg3 a5 28. b3 h5 29. h3 hxg4 30. hxg4 Rd8 31. Rxe7 Rd3+ 32. Kh4 g5+ 33. fxg5+ Kxe7 34. g6 Kf6 35. g7 Bf7 36. c4 Kxg7 37. Re7 Kf6 38. Rb7 Rd6 39. Rc7 a4 40. c5 bxc5 41. Rxc5 Ra6 42. bxa4 Rxa4 43. Rf5+ Kg7 44. Rf2 Bxa2 45. Kg5 Be6 46. Rg2 Ra5+ 47. Kh4 Kg6 48. Rg1 Ra2 49. Rg3 Rh2+ 50. Rh3 Re2 51. Rc3 Re4 52. Rg3 Kf6 53. Rg1 Ke5 54. Rg2 Re1 55. Rg3 Kf4 56. Rh3 Bxg4 57. Rh2 Re5 58. Rf2+ Bf3 0-1


[Site "https://www.chess.com"]

[Event "Titled Tuesday Blitz February 21 Late 2023"]
[White "Bryakin, Mikhail"]
[Black "Taboas Rodriguez, Daniel"]
[WhiteFideId "4165314"]
[BlackFideId "2208466"]
[WhiteElo "2455"]
[BlackElo "2371"]
[Result "1-0"]
[Round "02"]
[TimeControl "180+2"]
[Date "2023.02.21"]
[WhiteClock "0:00:13"]
[BlackClock "0:00:05"]

1. e4 e5 2. d4 exd4 3. Qxd4 Nc6 4. Qd3 Nf6 5. Nc3 Bb4 6. Ne2 O-O 7. a3 Bxc3+ 8. Nxc3 d5 9. exd5 Re8+ 10. Be2 Ne5 11. Qd4 Bg4 12. Bf4 Ng6 13. Be3 Bxe2 14. Kxe2 Qd6 15. g3 Rad8 16. Rad1 Qd7 17. Kd2 Nxd5 18. Nxd5 Qxd5 19. Qxd5 Rxd5+ 20. Kc1 Rxd1+ 21. Rxd1 b6 22. Rd7 Rc8 23. f4 Kf8 24. c4 Ke8 25. Rd1 Rd8 26. Bd4 f6 27. Kc2 Ne7 28. b4 Nf5 29. Re1+ Kf7 30. Bc3 h5 31. a4 c5 32. b5 h4 33. g4 Nd4+ 34. Kb2 Nf3 35. Re2 h3 36. a5 Rd3 37. a6 Nd4 38. Re1 Rf3 39. Bxd4 cxd4 40. c5 Rc3 41. cxb6 axb6 42. Rc1 Re3 43. Rc8 Kg6 44. a7 1-0


[Site "https://www.chess.com"]

[Event "Titled Tuesday Blitz February 21 Late 2023"]
[White "Milikow, Yoav"]
[Black "Postma, Dinant"]
[WhiteFideId "2822237"]
[BlackFideId "1018612"]
[WhiteElo "2394"]
[BlackElo "2131"]
[Result "1-0"]
[Round "02"]
[TimeControl "180+2"]
[Date "2023.02.21"]
[WhiteClock "0:01:41"]
[BlackClock "0:01:11"]

1. c4 Nf6 2. d4 g6 3. Nc3 Bg7 4. e4 d6 5. Be2 O-O 6. Be3 c5 7. d5 b5 8. cxb5 a6 9. a4 axb5 10. axb5 Rxa1 11. Qxa1 Ng4 12. Bf4 Bd4 13. Bg3 f5 14. Bxg4 fxg4 15. Nge2 Bg7 16. O-O Nd7 17. Nf4 Ne5 18. Qa7 h5 19. Ne6 Bxe6 20. dxe6 Nc4 21. Nd5 Bf6 22. b6 h4 23. Nxf6+ Rxf6 24. Bxh4 1-0


[Site "https://www.chess.com"]

[Event "Titled Tuesday Blitz February 21 Late 2023"]
[White "Golubev, Mikhail"]
[Black "Stoyanov, Tsvetan"]
[WhiteFideId "14100983"]
[BlackFideId "2917173"]
[WhiteElo "2461"]
[BlackElo "2454"]
[Result "0-1"]
[Round "02"]
[TimeControl "180+2"]
[Date "2023.02.21"]
[WhiteClock "0:00:01"]
[BlackClock "0:00:04"]

1. e4 c5 2. Nf3 d6 3. d4 cxd4 4. Nxd4 Nf6 5. Nc3 a6 6. Bc4 e6 7. O-O Be7 8. Bb3 b5 9. Qf3 Qc7 10. Qg3 O-O 11. Bh6 Ne8 12. Rad1 Bd7 13. f4 b4 14. Nce2 Kh8 15. Bg5 Bxg5 16. fxg5 Qc5 17. Kh1 Nc7 18. g6 hxg6 19. Qh4+ Kg8 20. Rf3 Nc6 21. Rh3 Qh5 22. Qg3 Qe5 23. Qh4 f6 24. Nf4 Kf7 25. Nxg6 Kxg6 26. Nf5 Qxf5 27. exf5+ Kf7 28. fxe6+ Bxe6 29. Qh5+ Ke7 30. Bxe6 Nxe6 31. Re1 Ne5 32. Rxe5 dxe5 33. Re3 Rac8 34. h3 Rfd8 35. Qg4 Rxc2 0-1


[Site "https://www.chess.com"]

[Event "Titled Tuesday Blitz February 21 Late 2023"]
[White "Bilych, Olexiy"]
[Black "Leenhouts, Koen"]
[WhiteFideId "14156504"]
[BlackFideId "1008439"]
[WhiteElo "2441"]
[BlackElo "2447"]
[Result "1-0"]
[Round "02"]
[TimeControl "180+2"]
[Date "2023.02.21"]
[WhiteClock "0:01:15"]
[BlackClock "0:00:07"]

1. d4 Nf6 2. c4 g6 3. Nc3 d5 4. cxd5 Nxd5 5. e4 Nxc3 6. bxc3 Bg7 7. Bc4 c5 8. Ne2 Nc6 9. O-O cxd4 10. cxd4 Nxd4 11. Nxd4 Qxd4 12. Bb5+ Bd7 13. Qxd4 Bxd4 14. Bxd7+ Kxd7 15. Rd1 e5 16. Bb2 Ke6 17. Bxd4 exd4 18. Rxd4 Rhd8 19. Rb4 b6 20. a4 Rac8 21. g3 Rc2 22. a5 bxa5 23. Rxa5 Rdd2 24. Ra6+ Ke7 25. Rb7+ Rd7 26. Rxd7+ Kxd7 27. Rxa7+ Ke6 28. Kg2 h5 29. h4 Rc3 30. Ra5 Rb3 31. Kf1 Rb2 32. Kg2 Rc2 33. Rb5 Rc3 34. Ra5 Rb3 35. Rd5 Ra3 36. Rc5 Rb3 37. Kf1 Rb2 38. Ke1 Ra2 39. Rd5 Rb2 40. Rd2 Rb4 41. f3 Rb3 42. Ke2 Ra3 43. Rd3 Ra2+ 44. Ke3 Ra1 45. Kf4 f6 46. Rb3 Ra6 47. Rb5 Rd6 48. Ra5 Rc6 49. Ra7 f5 50. exf5+ gxf5 51. Ra5 Rc3 52. Re5+ Kf6 53. Rxf5+ Kg6 54. Rg5+ Kh6 55. Re5 Rc4+ 56. Kf5 Rc8 57. Re6+ Kh7 58. g4 hxg4 59. fxg4 Rc5+ 60. Re5 Rc8 61. h5 Rf8+ 62. Kg5 Rg8+ 63. Kh4 Rf8 64. Re7+ Kh8 65. h6 Rb8 66. Kh5 Ra8 67. g5 Rb8 68. Rd7 Rc8 69. g6 Rb8 70. Kg5 Rc8 71. Kf6 Rc6+ 72. Kf5 Rc8 73. Ke6 Rc6+ 74. Rd6 Rc8 75. Ke7 Rf8 76. g7+ Kh7 77. gxf8=N+ 1-0


[Site "https://www.chess.com"]

[Event "Titled Tuesday Blitz February 21 Late 2023"]
[White "Jegorovas, Aleksandras"]
[Black "Oganian, Miran"]
[WhiteFideId "12801950"]
[BlackFideId "4122488"]
[WhiteElo "2270"]
[BlackElo "2439"]
[Result "0-1"]
[Round "02"]
[TimeControl "180+2"]
[Date "2023.02.21"]
[WhiteClock "0:01:35"]
[BlackClock "0:02:11"]

1. Nf3 d5 2. e3 Nc6 3. c4 d4 4. b4 dxe3 5. fxe3 Nf6 6. b5 Nb8 7. d4 g6 8. Bd3 a6 9. bxa6 Nxa6 10. O-O Bg7 11. Nc3 O-O 12. Rb1 c5 13. d5 Nb4 14. e4 Ng4 15. Bf4 Bxc3 16. h3 Nf6 17. e5 Nh5 18. Bh6 Re8 19. Ng5 f6 20. Nxh7 Nxd3 21. Qxd3 Bd4+ 22. Kh1 Kxh7 0-1


[Site "https://www.chess.com"]

[Event "Titled Tuesday Blitz February 21 Late 2023"]
[White "Tristan, Leonardo"]
[Black "Nilsson, Joakim"]
[WhiteFideId "113816"]
[BlackFideId "1723383"]
[WhiteElo "2545"]
[BlackElo "2188"]
[Result "1-0"]
[Round "02"]
[TimeControl "180+2"]
[Date "2023.02.21"]
[WhiteClock "0:01:29"]
[BlackClock "0:02:28"]

1. d4 Nf6 2. Nf3 e6 3. Bf4 d5 4. e3 c5 5. Nbd2 Nc6 6. c3 cxd4 7. exd4 Nh5 8. Be3 Bd6 9. Ne5 g6 10. Nd3 f5 11. Nf3 O-O 12. Bh6 Re8 13. Bg5 Qc7 14. Be2 Nf4 15. Nxf4 Bxf4 16. Bxf4 Qxf4 17. Qd2 Qxd2+ 18. Kxd2 Bd7 19. Bb5 Nb8 20. a4 a6 21. Bd3 Bc6 22. a5 h6 23. h4 Nd7 24. Rhe1 Kf7 25. Ne5+ Nxe5 26. Rxe5 Bd7 27. Rae1 g5 28. b3 Rg8 29. hxg5 hxg5 30. Bxf5 exf5 31. Re7+ Kg6 32. Rxd7 Rab8 33. Rd6+ Kh5 34. Rxd5 Kg4 35. Ree5 f4 36. f3+ Kh4 37. Ke2 b6 38. b4 bxa5 39. Rxa5 Rbc8 40. Rac5 Rb8 41. Kf2 Rb6 42. d5 Rd6 43. Rc6 Rgd8 44. Rxd6 Rxd6 45. Kg1 g4 46. fxg4 Kxg4 47. Kf2 Rh6 48. Re4 Kf5 49. Rd4 Ke5 50. d6 f3 51. gxf3 Rh2+ 52. Ke3 1-0


[Site "https://www.chess.com"]

[Event "Titled Tuesday Blitz February 21 Late 2023"]
[White "Matko, Ognjen"]
[Black "Hambleton, Aman"]
[WhiteFideId "14509717"]
[BlackFideId "2606577"]
[WhiteElo "2295"]
[BlackElo "2420"]
[Result "0-1"]
[Round "02"]
[TimeControl "180+2"]
[Date "2023.02.21"]
[WhiteClock "0:00:03"]
[BlackClock "0:00:07"]

1. e4 c5 2. Nf3 e6 3. d4 cxd4 4. Nxd4 Nc6 5. Nc3 Qc7 6. g4 a6 7. f3 Nxd4 8. Qxd4 Ne7 9. Be3 Nc6 10. Qd2 b5 11. O-O-O Bb7 12. Kb1 Ne5 13. Bf4 d6 14. Be2 Be7 15. h4 O-O 16. Bxe5 dxe5 17. Qd7 Rac8 18. Qxc7 Rxc7 19. Bd3 Rd8 20. Ne2 b4 21. Nc1 a5 22. g5 a4 23. Bb5 a3 24. Rxd8+ Bxd8 25. Rd1 Be7 26. Nb3 axb2 27. Kxb2 h6 28. gxh6 g6 29. Rh1 Kh7 30. Nd2 Kxh6 31. Nf1 f5 32. Bd3 Bc5 33. h5 gxh5 34. Ng3 Kg5 35. Nxh5 Rh7 36. Ng3 Rxh1 37. Nxh1 Kf4 38. Kb3 fxe4 39. fxe4 Bxe4 40. Bxe4 Kxe4 41. Ng3+ Kf3 42. Nh5 e4 43. Ng7 e3 44. Nxe6 Bb6 45. Ng5+ Kf4 46. Ne6+ Kf5 47. Ng7+ Ke4 48. Nh5 Kf3 49. Ng7 e2 50. Nf5 e1=Q 51. Nh4+ Qxh4 52. c3 bxc3 53. Kxc3 Qd4+ 54. Kb3 Bc5 55. a4 Qb4+ 56. Kc2 Ke3 57. a5 Bd4 58. a6 Qb2+ 59. Kd1 Qd2# 0-1


[Site "https://www.chess.com"]

[Event "Titled Tuesday Blitz February 21 Late 2023"]
[White "Golubka, Petro"]
[Black "Kovalevsky, Stanislav"]
[WhiteFideId "14114224"]
[BlackFideId "13508598"]
[WhiteElo "2371"]
[BlackElo "2237"]
[Result "1-0"]
[Round "02"]
[TimeControl "180+2"]
[Date "2023.02.21"]
[WhiteClock "0:01:38"]
[BlackClock "0:00:15"]

1. d4 d5 2. c4 c6 3. Nc3 Nf6 4. f3 Nbd7 5. e4 dxe4 6. fxe4 e5 7. d5 Bc5 8. Bd3 Bd4 9. Nge2 Nc5 10. Bc2 Bg4 11. Bg5 Bxc3+ 12. bxc3 Qa5 13. Bxf6 Bxe2 14. Kxe2 gxf6 15. Qd2 O-O-O 16. Rhf1 Rhg8 17. g3 Rg4 18. Qe3 cxd5 19. cxd5 Qa6+ 20. Kf3 Nxe4 21. Kxg4 f5+ 22. Kh3 Rxd5 23. Rxf5 Nd2 24. Rxf7 Qc4 25. Bf5+ Kd8 26. Qg5+ Ke8 27. Qg8# 1-0


[Site "https://www.chess.com"]

[Event "Titled Tuesday Blitz February 21 Late 2023"]
[White "Droin, Augustin"]
[Black "Salimova, Nurgyul"]
[WhiteFideId "45105987"]
[BlackFideId "2915138"]
[WhiteElo "2436"]
[BlackElo "2391"]
[Result "1-0"]
[Round "02"]
[TimeControl "180+2"]
[Date "2023.02.21"]
[WhiteClock "0:00:20"]
[BlackClock "0:00:03"]

1. e4 c6 2. d4 d5 3. Nc3 dxe4 4. Nxe4 Nf6 5. Nxf6+ exf6 6. Bf4 Be6 7. Qd2 Bd6 8. Bd3 O-O 9. Ne2 Re8 10. O-O a5 11. Rae1 Na6 12. a3 Nc7 13. Bxd6 Qxd6 14. Nf4 g6 15. c3 Bb3 16. h4 h5 17. g3 Kg7 18. Re3 Rxe3 19. fxe3 f5 20. c4 a4 21. Qc3 Re8 22. Bb1 Kg8 23. Re1 b5 24. c5 Qf6 25. e4 fxe4 26. Rxe4 Rd8 27. Re5 Nd5 28. Nxd5 Rxd5 29. Be4 Rxe5 30. dxe5 Qe6 31. Qd4 Qg4 32. Qe3 Qd1+ 33. Kh2 Qa1 34. Qd2 Qa2 35. Bxc6 Qb1 36. Bxb5 Qf1 37. Bxf1 1-0


[Site "https://www.chess.com"]

[Event "Titled Tuesday Blitz February 21 Late 2023"]
[White "Koziol, Kamil"]
[Black "Nasuta, Grzegorz"]
[WhiteFideId "1161555"]
[BlackFideId "1141686"]
[WhiteElo "2286"]
[BlackElo "2552"]
[Result "0-1"]
[Round "02"]
[TimeControl "180+2"]
[Date "2023.02.21"]
[WhiteClock "0:00:52"]
[BlackClock "0:01:29"]

1. e4 c5 2. Nf3 d6 3. d4 cxd4 4. Nxd4 Nf6 5. Nc3 a6 6. Bg5 Nbd7 7. f4 Qc7 8. Qf3 b5 9. O-O-O Bb7 10. Bd3 g6 11. Rhe1 Bg7 12. g4 O-O 13. Bf1 Rac8 14. Re2 b4 15. Nd5 Nxd5 16. exd5 Nf6 17. Bxf6 Bxf6 18. g5 Bg7 19. f5 Qa5 20. f6 exf6 21. gxf6 Bh6+ 22. Kb1 Bxd5 0-1


[Site "https://www.chess.com"]

[Event "Titled Tuesday Blitz February 21 Late 2023"]
[White "Dourerassou, Jonathan"]
[Black "Nilsen, Tobias Lang"]
[WhiteFideId "628050"]
[BlackFideId "1521624"]
[WhiteElo "2414"]
[BlackElo "2247"]
[Result "1/2-1/2"]
[Round "02"]
[TimeControl "180+2"]
[Date "2023.02.21"]
[WhiteClock "0:00:36"]
[BlackClock "0:00:18"]

1. d4 d5 2. Bf4 Nf6 3. e3 e6 4. Nf3 c5 5. Nbd2 Nc6 6. c3 Bd6 7. Bg3 O-O 8. Bd3 b6 9. Qe2 Bb7 10. Rd1 Ne7 11. e4 dxe4 12. Nxe4 Nxe4 13. Bxe4 Bxe4 14. Qxe4 Nd5 15. dxc5 Bxc5 16. O-O Qc8 17. c4 Nf6 18. Qh4 Rd8 19. Be5 Be7 20. b3 Qc6 21. h3 Rxd1 22. Rxd1 Rd8 23. Rxd8+ Bxd8 24. Qd4 Be7 25. a4 h6 26. Qd2 Ne4 27. Qe3 Bf6 28. Nd4 Qb7 29. Qf4 Bxe5 30. Qxe5 Nf6 31. Qd6 Qd7 32. Qxd7 Nxd7 33. b4 a5 34. bxa5 bxa5 35. Nb3 Nb6 36. Nxa5 Nxa4 37. Kf1 Kf8 38. Ke2 Ke7 39. Kd3 Kd6 40. Nb7+ Kc7 41. Na5 Kd6 42. Nb3 f5 43. f4 e5 44. fxe5+ Kxe5 45. Ke3 g5 46. Nd2 f4+ 47. Kf3 Nc5 48. Kg4 Kd4 49. Kh5 Ke3 50. Kxh6 Kxd2 51. Kxg5 Ke3 52. h4 f3 53. gxf3 Kxf3 54. h5 Ke4 55. h6 Ne6+ 56. Kf6 Nf8 57. Kg7 Ne6+ 58. Kf7 Ng5+ 59. Kf6 Nh7+ 60. Kg6 Nf8+ 61. Kg7 Ne6+ 62. Kf6 Nf8 63. c5 Kd5 64. Ke7 Nh7 65. Kf7 Kxc5 66. Kg7 Ng5 67. Kg6 Ne6 68. Kf6 Nf8 69. Kg7 Ne6+ 70. Kg6 Nf8+ 71. Kf7 Nh7 72. Kg8 Ng5 73. Kg7 Kd6 74. Kf6 Nh7+ 75. Kg6 Nf8+ 76. Kf7 Nh7 77. Kg8 Ng5 78. h7 Nxh7 1/2-1/2


[Site "https://www.chess.com"]

[Event "Titled Tuesday Blitz February 21 Late 2023"]
[White "Javakhadze, Zurab"]
[Black "Haszon, David"]
[WhiteFideId "13603647"]
[BlackFideId "733610"]
[WhiteElo "2459"]
[BlackElo "2264"]
[Result "1/2-1/2"]
[Round "02"]
[TimeControl "180+2"]
[Date "2023.02.21"]
[WhiteClock "0:00:07"]
[BlackClock "0:00:13"]

1. Nf3 Nf6 2. g3 g6 3. Bg2 Bg7 4. O-O O-O 5. c4 c6 6. d4 d5 7. Qb3 Qb6 8. Nc3 Na6 9. cxd5 Qxb3 10. axb3 Nxd5 11. Ne5 Ndb4 12. Rd1 Nc2 13. Rxa6 bxa6 14. Nxc6 Kh8 15. Nxe7 Rb8 16. d5 Nd4 17. Nc6 Nxc6 18. dxc6 Rxb3 19. Bd5 Rb4 20. Bf4 Rd4 21. Rxd4 Bxd4 22. c7 a5 23. Nb5 Bb6 24. b3 f6 25. Bd6 Re8 26. e3 Kg7 27. Kf1 Ba6 28. Bc4 Bxb5 29. Bxb5 Rc8 30. Ba6 Rxc7 31. Bxc7 Bxc7 32. Ke2 f5 33. Kd3 Kf6 34. f4 Bd6 35. Kd4 Bb4 36. e4 fxe4 37. Kxe4 Bc5 38. g4 h6 39. h4 g5 40. fxg5+ hxg5 41. h5 Kg7 42. Kf5 Kh6 43. Be2 Bb4 44. Ke4 Be1 45. Kd5 Bb4 46. Kc4 Be1 1/2-1/2


[Site "https://www.chess.com"]

[Event "Titled Tuesday Blitz February 21 Late 2023"]
[White "EREBUNI91"]
[Black "Skaric, Djuro"]
[BlackFideId "934569"]
[WhiteElo "2753"]
[BlackElo "2334"]
[Result "1-0"]
[Round "02"]
[TimeControl "180+2"]
[Date "2023.02.21"]
[WhiteClock "0:00:09"]
[BlackClock "0:01:32"]

1. e4 d6 2. d4 g6 3. Nc3 Bg7 4. Be3 Nf6 5. h3 Nc6 6. Qd2 h5 7. Nf3 a6 8. d5 Ne5 9. Nxe5 dxe5 10. O-O-O O-O 11. f3 b5 12. g4 h4 13. Qf2 Bd7 14. Qxh4 b4 15. Nb1 Bb5 16. Qg3 Qd7 17. h4 Nh7 18. h5 g5 19. h6 Bf6 20. Nd2 a5 21. Nc4 a4 22. Nxe5 Qd6 23. Bxb5 Bxe5 24. Qf2 b3 25. a3 bxc2 26. Qxc2 Rab8 27. Qxa4 Qf6 28. Rd2 Qxf3 29. Re1 Nf6 30. Bxg5 Bf4 31. Bxf4 Qxf4 32. e5 Qxa4 33. Bxa4 Ne8 34. g5 Kh8 35. e6 Nd6 36. exf7 Rxf7 37. g6 Rf4 38. Bc2 Re8 39. Rde2 Rh4 40. h7 Nc8 41. Bd3 Kg7 42. Bf5 Nd6 43. Rxe7+ Rxe7 44. Rxe7+ Kf6 45. Rxc7 Nxf5 46. d6 Nxd6 47. g7 Rxh7 48. g8=Q Rxc7+ 49. Kb1 Ke5 50. Qh8+ Kd5 51. Qh1+ Kc5 52. b4+ Kb6 53. Kb2 Re7 54. Kb3 Re3+ 55. Ka4 Nc4 56. Qh6+ Nd6 57. Qxd6+ Kb7 58. Qd5+ 1-0


[Site "https://www.chess.com"]

[Event "Titled Tuesday Blitz February 21 Late 2023"]
[White "Gerbelli Neto, Eduardo"]
[Black "Leiva, Gianmarco"]
[WhiteFideId "2103281"]
[BlackFideId "3804399"]
[WhiteElo "2114"]
[BlackElo "2392"]
[Result "0-1"]
[Round "02"]
[TimeControl "180+2"]
[Date "2023.02.21"]
[WhiteClock "0:00:53"]
[BlackClock "0:00:29"]

1. e4 c5 2. Nc3 Nc6 3. f4 g6 4. Nf3 Bg7 5. Bc4 e6 6. f5 d6 7. O-O Nf6 8. d3 O-O 9. Qe1 d5 10. Bb3 b5 11. e5 c4 12. exf6 Bxf6 13. fxg6 fxg6 14. Bh6 Rf7 15. dxc4 dxc4 16. Rd1 Qe7 17. Kh1 cxb3 18. axb3 Bg7 19. Bg5 Qf8 20. Qe4 Bb7 21. Qxe6 Re8 22. Qh3 a6 23. Ne4 Rxe4 0-1


[Site "https://www.chess.com"]

[Event "Titled Tuesday Blitz February 21 Late 2023"]
[White "Smith, Garrett L"]
[Black "Trost, Edvin"]
[WhiteFideId "2024829"]
[BlackFideId "1729519"]
[WhiteElo "2047"]
[BlackElo "2399"]
[Result "0-1"]
[Round "02"]
[TimeControl "180+2"]
[Date "2023.02.21"]
[WhiteClock "0:00:04"]
[BlackClock "0:00:41"]

1. e4 c5 2. a3 g6 3. b4 Bg7 4. Nc3 b6 5. bxc5 bxc5 6. Rb1 Nc6 7. Nf3 Nf6 8. Bc4 O-O 9. d3 Nd4 10. Nxd4 cxd4 11. Ne2 d5 12. exd5 Nxd5 13. O-O Nb6 14. Bb3 Bb7 15. Ng3 h6 16. Re1 Kh7 17. a4 Bc6 18. Ba3 Nd5 19. Qd2 Re8 20. Ne4 Qd7 21. h3 Rab8 22. a5 Qc7 23. Bc4 Rxb1 24. Rxb1 Rb8 25. Qc1 Rxb1 26. Qxb1 Qxa5 27. Bc5 Nc3 28. Nxc3 Qxc5 29. Nb5 a6 30. Nc7 a5 31. Bxf7 Qg5 32. g3 Qf5 33. Be8 Bf3 34. Kh2 h5 35. Qb5 Be5 36. Nd5 Bxd5 37. Qxd5 Qxf2+ 0-1


[Site "https://www.chess.com"]

[Event "Titled Tuesday Blitz February 21 Late 2023"]
[White "Bhavikatti, Neil"]
[Black "Solon, Nathan"]
[WhiteFideId "30935024"]
[BlackFideId "2017229"]
[WhiteElo "2051"]
[BlackElo "2306"]
[Result "1-0"]
[Round "02"]
[TimeControl "180+2"]
[Date "2023.02.21"]
[WhiteClock "0:02:24"]
[BlackClock "0:02:04"]

1. d4 Nf6 2. c4 c5 3. d5 b5 4. f3 bxc4 5. e4 e6 6. Nc3 exd5 7. Nxd5 Nxd5 8. Qxd5 Nc6 9. Bxc4 Qf6 10. Bg5 Qg6 11. Ne2 Rb8 12. Nf4 1-0


[Site "https://www.chess.com"]

[Event "Titled Tuesday Blitz February 21 Late 2023"]
[White "Bjelobrk, Igor"]
[Black "Buganca, Luiz Henrique Da Silva"]
[WhiteFideId "4300726"]
[BlackFideId "2182289"]
[WhiteElo "2403"]
[BlackElo "1920"]
[Result "1-0"]
[Round "02"]
[TimeControl "180+2"]
[Date "2023.02.21"]
[WhiteClock "0:00:54"]
[BlackClock "0:00:31"]

1. d4 Nf6 2. c4 e6 3. g3 c5 4. d5 exd5 5. cxd5 d6 6. Nc3 g6 7. Bg2 Bg7 8. Nf3 O-O 9. O-O Re8 10. Nd2 Nbd7 11. a4 b6 12. h3 Ba6 13. Nb5 Qb8 14. Nc4 Bf8 15. Bf4 Bxb5 16. axb5 Qc7 17. Ra3 Nh5 18. Bd2 Ne5 19. Nxe5 Rxe5 20. Bc3 Ree8 21. Qd2 Qe7 22. e3 Bg7 23. Rfa1 Qd7 24. Bf1 Nf6 25. Qd1 Ne4 26. Bxg7 Kxg7 27. R1a2 Re7 28. Qa1 Ng5 29. b4+ f6 30. bxc5 dxc5 31. Ra6 Qxd5 32. Bg2 Nf3+ 33. Bxf3 Qxf3 34. Rxa7 Raxa7 35. Rxa7 Qe4 36. Qa6 Qb1+ 37. Kh2 Rxa7 38. Qxa7+ Kh6 39. Qxb6 Qf1 40. Qxf6 Qxb5 41. Qf8+ Kh5 42. g4+ Kg5 43. Qf4+ Kh4 44. Qh6# 1-0


[Site "https://www.chess.com"]

[Event "Titled Tuesday Blitz February 21 Late 2023"]
[White "Romero Ruscalleda, Josep"]
[Black "Costachi, Mihnea"]
[WhiteFideId "2231859"]
[BlackFideId "1217518"]
[WhiteElo "2160"]
[BlackElo "2476"]
[Result "0-1"]
[Round "02"]
[TimeControl "180+2"]
[Date "2023.02.21"]
[WhiteClock "0:01:38"]
[BlackClock "0:01:59"]

1. e4 e5 2. Nf3 Nc6 3. Bc4 Bc5 4. c3 Nf6 5. b4 Bb6 6. d3 d6 7. Bb3 h6 8. a4 a6 9. Nbd2 O-O 10. Nc4 Ba7 11. h3 Nh5 12. g3 Be6 13. Be3 Bxc4 14. Bxa7 Bxb3 15. Qxb3 Rxa7 16. O-O Kh8 17. Rab1 Ra8 18. b5 axb5 19. axb5 Ne7 20. d4 Ng6 21. Qd5 Rb8 22. Rfd1 Nf6 23. Qb3 Qe7 24. dxe5 Nxe5 25. Nd4 Nxe4 26. Re1 Nd2 0-1


[Site "https://www.chess.com"]